 Dungeon Crawl Stone Soup version 0.28.0-43-g3370ac3207 (webtiles) character file.

Game seed: 4926980102475463188

72 crimpus the Cutter (level 4, -6/28 HPs)
             Began as a Tengu Berserker on Mar 27, 2022.
             Was a Believer of Trog.
             Mangled by a worm (11 damage)
             ... on level 4 of the Dungeon.
             The game lasted 00:02:14 (2038 turns).

crimpus the Cutter (Tengu Berserker)                Turns: 2038, Time: 00:02:14

Health: -6/28      AC:  3    Str: 19    XL:     4   Next: 25%
Magic:  5/5        EV: 12    Int:  8    God:    Trog [**....]
Gold:   63         SH:  0    Dex: 13    Spells: 3/3 levels left

rFire   . . .      SeeInvis .   k - +4 dagger (elec)
rCold   . . .      Faith    .   (no shield)
rNeg    . . .      Spirit   .   e - +0 leather armour
rPois   .          Reflect  .   (helmet restricted)
rElec   .          Harm     .   (no cloak)
rCorr   .          Rampage  .   (no gloves)
Will    .....                   (boots unavailable)
Stlth   ++........              (no amulet)
HPRegen 0.09/turn               (no ring)
MPRegen 0.09/turn               (no ring)

@: no status effects
A: beak, talons 3
a: Renounce Religion, Berserk, Trog's Hand


You were on level 4 of the Dungeon.
You worshipped Trog.
Trog was pleased with you.
You visited 1 branch of the dungeon, and saw 4 of its levels.

You collected 63 gold pieces.

Inventory:

Hand Weapons
 a - a +0 short sword
 k - a +4 dagger of electrocution (weapon)
Armour
 e - a +0 leather armour (worn)
Scrolls
 b - a scroll of magic mapping {unknown}
 d - a scroll of enchant weapon {unknown}
 f - a scroll of identify
 h - a scroll of summoning {unknown}
Potions
 c - 2 potions of curing {unknown}
 g - a potion of haste {unknown}
 i - a potion of might


   Skills:
 + Level 3.5 Fighting
 + Level 4.1 Short Blades
 + Level 2.5 Armour
 + Level 2.4 Dodging
 * Level 1.9 Stealth


You had 3 spell levels left.
You didn't know any spells.
Your spell library was empty.

Dungeon Overview and Level Annotations

Branches:
Dungeon (4/15)
 Temple: D:4-7

Altars:
The Shining One


Innate Abilities, Weirdness & Mutations

You have a beak for a mouth.
You have claws for feet.


Message History

You are too injured to fight recklessly!
You are too injured to fight recklessly!
You are too injured to fight recklessly!
You are too injured to fight recklessly!
A hobgoblin comes into view.
The hobgoblin shouts!
You hit the orc.
The orc is severely wounded.
The orc barely misses you.
You hit the orc.
You kill the orc!
Trog accepts your kill.
A worm comes into view.
Things that are here:
a +0 club; a +0 club; an orc corpse
Things that are here:
a +0 short sword; an orc corpse You barely miss the orc.
You claw the orc. You peck the orc.
You kill the orc!
Trog accepts your kill. The hobgoblin barely misses you.
You hit the hobgoblin.
Lightning courses through the hobgoblin!
You kill the hobgoblin!
Trog accepts your kill. The orc hits you with a +0 short sword.
You hit the orc. Your kick misses the orc. You peck the orc.
The orc is heavily wounded.
The orc barely misses you.
You hit the orc. Lightning courses through the orc!
You kill the orc!
Trog accepts your kill. The worm bites you!
* * * LOW HITPOINT WARNING * * *
Items here: $ ))) ††.
You barely miss the worm. You hit the worm. You peck the worm.
The worm is moderately wounded.
The worm bites you!
You die...

#.#. .........# ....#
........###
.....##.##......##
......#..##)<.[..#
........?##......#...
#.........^....
#.##..........#
#)##...(....#..
#..@w......## .
#####.......#
##.#...## #......#
..#....# .. .


You could see a worm.

Vanquished Creatures
  An adder (D:4)
  A worm (D:2)
  2 dart slugs (D:1)
  6 orcs (D:4)
  2 endoplasms (D:1)
  A giant cockroach (D:2)
  4 goblins
  4 hobgoblins
  8 jackals (D:1)
  A quokka (D:2)
  A ball python (D:1)
  3 bats (D:1)
  5 kobolds
  7 rats
46 creatures vanquished.

Notes
Turn   | Place    | Note
-------+----------+-------------------------------------------
     0 | D:1      | crimpus the Tengu Berserker began the quest for the Orb.
     0 | D:1      | Reached XP level 1. HP: 14/14 MP: 2/2
   578 | D:1      | Reached XP level 2. HP: 17/19 MP: 3/3
   855 | D:1      | Reached skill level 1 in Stealth
  1092 | D:1      | Reached XP level 3. HP: 19/23 MP: 4/4
  1421 | D:2      | Reached ** piety under Trog
  1478 | D:2      | Found a glowing golden altar of the Shining One.
  1981 | D:4      | Reached skill level 4 in Short Blades
  1981 | D:4      | Reached XP level 4. HP: 10/28 MP: 5/5
  2038 | D:4      | Mangled by a worm

Illustrated notes

Levels and vault maps discovered:
D:1:      minmay_arrival_checkered_box, layout_loops_ring
D:2:      layout_basic, basic_altar, minivault_27
D:3:      layout_basic
D:4:      layout_cave_pools, minmay_temple_entry_grid, minmay_snake_closets

Skill      XL: |  1  2  3 |
---------------+----------+-----
Stealth        | 1 |  1.9
Short Blades   | 4 |  4.1
Fighting       | |  3.5
Armour         | |  2.5
Dodging        | |  2.4

Action                   |  1- 3 |  4- 6 || total
-------------------------+-------+-------++-------
Melee: Short sword       |    62 |       ||    62
       Kick              |    17 |     1 ||    18
       Peck              |     9 |     4 ||    13
       Punch             |     1 |     1 ||     2
       Dagger            |    19 |    12 ||    31
  Use: Scroll            |     4 |       ||     4
 Stab: Sleeping          |     3 |       ||     3
Armor: Leather armour    |     6 |     1 ||     7
Dodge: Dodged            |    36 |     4 ||    40
